 Dungeon Crawl Stone Soup version 0.31.0-32-g396128a36d (webtiles) character file.

Game seed: 16729428366123258761

270 Zeor the Slasher (level 6, 0/29 (36) HPs)
             Began as a Tengu Reaver on Apr 10, 2024.
             Killed by divine providence
             ... invoked by an orc priest
              (13 damage)
             ... on level 4 of the Dungeon.
             The game lasted 00:07:43 (2560 turns).

Zeor the Slasher (Tengu Reaver)                     Turns: 2560, Time: 00:07:43

HP:   0/29 (36)     AC:  4    Str: 16    XL:     6   Next: 22%
MP:   10/10         EV: 12    Int: 15    God:
Gold: 223           SH:  0    Dex: 15    Spells: 3/9 levels left

rFire   + . .        a - +0 falchion (heavy)
rCold   + . .        (no shield)
rNeg    . . .        h - +0 leather armour of the Garden {Str+3 Dex+3 SInv}
rPois   +            (helmet restricted)
rElec   +            (no cloak)
rCorr   +            g - +0 pair of gloves
SInv    +            (boots unavailable)
Will    .....        (no amulet)
Stlth   +            d - ring of poison resistance
HPRegen 0.24/turn    (no ring)
MPRegen 0.12/turn

%: acrobat
@: resistant, heavily drained
A: beak, talons 3, acrobatic
a: no special abilities


You were on level 4 of the Dungeon.
You visited 1 branch of the dungeon, and saw 4 of its levels.

You collected 223 gold pieces.

Inventory:

Hand Weapons
 a - a +0 heavy falchion (weapon)
 b - a +0 long sword
Missiles
 k - 3 poisoned darts
Armour
 g - a +0 pair of gloves (worn)
 h - the +0 leather armour of the Garden (worn) {Str+3 Dex+3 SInv}
   (You took it off a hobgoblin on level 3 of the Dungeon)

   Str+3:     It affects your strength (+3).
   Dex+3:     It affects your dexterity (+3).
   SInv:      It lets you see invisible.
Jewellery
 d - a ring of poison resistance (left hand)
Scrolls
 j - a scroll of silence
Potions
 c - a potion of haste
 e - a potion of brilliance
 f - a potion of resistance


   Skills:
 + Level 2.5 Fighting
 * Level 5.8 Long Blades
 + Level 1.7 Armour
 + Level 2.5 Dodging
 + Level 0.4 Stealth
 + Level 2.2 Spellcasting
 * Level 5.3 Conjurations


You had 3 spell levels left.
You knew the following spells:

 Your Spells              Type           Power      Damage    Failure   Level
h - Hailstorm             Conj/Ice       9%         3d6       26%         3
k - Kiss of Death         Conj/Necr      36%        2d8       9%          1
s - Momentum Strike       Conj/Tloc      18%        3d8       14%         2

Your spell library contained the following spells:

 Spells                   Type           Power      Damage    Failure   Level


Dungeon Overview and Level Annotations

Branches:
Dungeon (4/15)
 Temple: D:4-7

Altars:
Elyvilon
Hepliaklqana
Vehumet
Xom


Innate Abilities, Weirdness & Mutations

You have a beak for a mouth.
You have claws for feet.
You can magically evade attacks while moving or waiting.


Message History

You slash the giant cockroach!
You kill the giant cockroach!
The orc hits you but does no damage. The orc hits you with a +0 trident.
* * * LOW HITPOINT WARNING * * *
Things that are here:
a giant cockroach corpse; a howler monkey corpse
Casting: Kiss of Death (safe; 9% risk of failure)
Confirm with . or Enter, or press ? or * to list all spells.
Aiming: Kiss of Death (safe; 9% risk of failure)
Press: ? - help, Shift-Dir - straight line, f - orc
Aim: an orc, wielding a +0 trident (100% to hit)
The negative energy hits the orc.
The orc is drained!
The orc is almost dead.
You feel drained.
You slash the orc!
You kill the orc!
You see here a +0 trident.
You start resting.
Magic restored.
You start resting.
Your extra speed is starting to run out.
A ball python comes into view.
You see here a +0 trident.
Things that are here:
a giant cockroach corpse; a howler monkey corpse An orc priest comes into view.
It is wielding a +0 dagger.
An orc priest is nearby!
An endoplasm and an orc come into view.
The orc priest shouts!
The orc priest closely misses you.
You completely miss the orc priest.
The endoplasm quivers.
Your kick misses the orc priest.
You peck the orc priest, but do no damage.
You feel yourself slow down.
An orc priest comes into view. It is wielding a +0 club.
The orc priest invokes the aid of Beogh against you.
Beogh smites you!
You die... ▒∙▒ ▒∙∙∙∙∙∙∙∙∙ ∙▒▒▒▒▒▒∙▒ ▒∙∙▒∙∙∙∙∙∙ ∙∙∙∙∙∙∙∙▒▒▒ ▒▒▒∙∙∙∙∙∙∙∙∙ ▒∙<▒∙▒∙▒ ▒∙∙∙∙∙∙∙∙∙∙∙ ∙▒▒▒▒▒∙∙∙∙∙∙▒ ▒)▒∙▒▒▒∙∙∙∙∙ ∙∙(∙∙∙∙∙▒∙▒▒▒ ▒†▒∙▒ ∙∙∙∙∙

▒▒▒▒▒∙∙∙▒∙▒ ▒∙▒)▒
∙∙▒∙ ▒∙∙∙▒∙▒▒▒▒
▒▒∙▒∙▒ ∙▒
▒▒▒▒▒∙∙∙∙∙∙∙∙▒▒▒Q∙∙∙▒
∙∙
∙∙∙∙∙∙∙∙∙∙∙o∙∙Jo∙∙▒∙▒
▒▒▒▒▒▒▒▒▒o▒▒∙▒▒▒∙▒∙∙▒
▒∙▒▒∙∙∙∙∙∙∙∙▒
▒∙▒▒▒▒▒▒▒▒▒▒▒ ▒∙▒ ▒∙∙
▒▒▒


You could see 2 orc priests, an orc and an endoplasm.

Vanquished Creatures
  A bullfrog (D:4)
  A howler monkey (D:4)
  Jessica (D:2)
  Terence (D:3)
  2 orc wizards
  A gnoll (D:2)
  An adder (D:2)
  A dart slug (D:4)
  A ribbon worm (D:2)
  9 orcs
  8 ball pythons
  An endoplasm (D:3)
  2 giant cockroaches
  A goblin (D:3)
  2 hobgoblins
  A quokka (D:1)
  2 bats
  A frilled lizard (D:2)
  2 kobolds
  2 rats
41 creatures vanquished.

Notes
Turn   | Place    | Note
-------+----------+-------------------------------------------
     0 | D:1      | Zeor the Tengu Reaver began the quest for the Orb.
     0 | D:1      | Reached XP level 1. HP: 12/12 MP: 4/4
   187 | D:1      | Reached XP level 2. HP: 17/17 MP: 6/6
   461 | D:2      | Noticed Jessica
   467 | D:2      | Killed Jessica
   468 | D:2      | Reached XP level 3. HP: 15/21 MP: 7/7
   495 | D:2      | Learned a level 2 spell: Momentum Strike
   784 | D:2      | Reached XP level 4. HP: 14/24 MP: 8/8
  1588 | D:3      | Found a white marble altar of Elyvilon.
  1839 | D:3      | Noticed Terence
  1845 | D:3      | Killed Terence
  1846 | D:3      | Reached skill level 5 in Long Blades
  1846 | D:3      | Reached skill level 1 in Armour
  1846 | D:3      | Reached skill level 5 in Conjurations
  1846 | D:3      | Reached XP level 5. HP: 3/30 MP: 9/9
  2106 | D:3      | Identified the +0 leather armour of the Garden {Str+3 Dex+3
                  | SInv}
  2269 | D:3      | Found a radiant altar of Vehumet.
  2275 | D:3      | Found a hazy altar of Hepliaklqana.
  2280 | D:3      | Found a shimmering altar of Xom.
  2414 | D:3      | Learned a level 3 spell: Hailstorm
  2516 | D:4      | Reached XP level 6. HP: 4/34 MP: 8/10
  2560 | D:4      | Killed from afar by an orc priest

Illustrated notes

Levels and vault maps discovered:
D:1:      scummos_arrival_star, layout_rooms
D:2:      layout_rooms, st_stairs_9, minmay_misc_feat_encased,
          dreamdust_princess_bridge, chequers_serial_rivers_micro_d,
          uniq_jessica
D:3:      layout_loops_ring, mainiacjoe_overflow_alcove_1,
          minmay_overflow_temple_star_quad, uniq_terence
D:4:      layout_loops_ring, minmay_temple_entry_mini_moons, patterned_corridor,
          uniq_natasha

Skill      XL: |  1  2  3  4 |
---------------+-------------+-----
Long Blades    | 4 5 |  5.8
Armour         | 1 |  1.7
Conjurations   | 5 |  5.3
Fighting       | |  2.5
Dodging        | |  2.5
Stealth        | |  0.4
Spellcasting   | |  2.2

Action                     |  1- 3 |  4- 6 || total
---------------------------+-------+-------++-------
  Melee: Falchion          |    37 |    75 ||   112
         Kick              |    11 |    17 ||    28
         Peck              |     4 |    14 ||    18
         Punch             |     1 |     1 ||     2
   Cast: Kiss of Death     |     1 |     2 ||     3
    Use: Scroll            |     3 |     6 ||     9
         Potion            |       |     5 ||     5
 Armour: Leather armour    |    22 |    57 ||    79
  Dodge: Dodged            |    25 |    57 ||    82
